 Dungeon Crawl Stone Soup version 0.27-a0-1191-g601b473118 (webtiles) character file.

Game seed: 1064798938473732040

220034 Froggeryz the Bludgeoner (level 19, -22/125 HPs)
             Began as a Gargoyle Delver on May 24, 2021.
             Was the Champion of Okawaru.
             Blown up by an orb spider (51 damage)
             ... with an orb of destruction
             ... on level 4 of the Spider Nest.
             The game lasted 00:58:06 (51160 turns).

Froggeryz the Bludgeoner (Gargoyle Delver)         Turns: 51160, Time: 00:58:06

Health: -22/125    AC: 39    Str: 23    XL:     19   Next: 16%
Magic:  28/35      EV:  8    Int: 17    God:    Okawaru [******]
Gold:   1395       SH: 21    Dex: 14    Spells: 16/18 levels left

rFire    + + .     SeeInvis .   l - +2 morningstar (protect)
rCold    + . .     Faith    .   V - +2 kite shield {reflect}
rNeg     + . .     Spirit   .   z - +1 plate armour of Bitterness {rF+}
rPois    ∞         Reflect  +   Q - +3 hat of Pondering {ponderous, Will+ MP+10 Int+5}
rElec    +         Harm     .   q - scarf {rC+ rF+}
rCorr    .         Rampage  .   x - +0 pair of fencer's gloves {Riposte Dex+3}
Will     ++...     Rnd*Tele +   p - +0 pair of boots of Indomitability {Stlth+}
Stlth    ..........             Z - amulet of reflection
HPRegen  0.30/turn              U - +4 ring of slaying
MPRegen  0.24/turn              I - +4 ring of slaying

@: under a protective aura, flying, slow
A: sickness immunity, AC +14, big wings, negative energy resistance 1,
electricity resistance, torment resistance 1, petrification resistance, horns 1,
talons 1, deformed body, shaggy fur 1, teleportitis 1
}: 1/15 runes: decaying
a: Renounce Religion, Heroism, Finesse


You were on level 4 of the Spider Nest.
You worshipped Okawaru.
Okawaru was exalted by your worship.
You visited 6 branches of the dungeon, and saw 32 of its levels.
You also visited: Trove, Sewer and Gauntlet.

You collected 3012 gold pieces.
You spent 1617 gold pieces at shops.

Inventory:

Hand Weapons
 l - a +2 morningstar of protection (weapon)
Missiles
 h - 41 javelins (quivered)
 y - 4 boomerangs of dispersal
 M - 8 silver javelins
Armour
 p - the +0 pair of boots of Indomitability (worn) {Stlth+}
   (Okawaru gifted it to you on level 12 of the Dungeon)

   It makes you more stealthy.
 q - a scarf of resistance (worn)
 x - the +0 pair of fencer's gloves (worn) {Riposte Dex+3}
   (You acquired it on level 3 of the Lair of Beasts)

   It affects your dexterity (+3).
 z - the +1 plate armour of Bitterness (worn) {rF+}
   (You found it on level 8 of the Dungeon)

   It protects you from fire.
 Q - the +3 hat of Pondering (worn) {ponderous, Will+ MP+10 Int+5}
   (You found it on level 4 of the Lair of Beasts)

   It affects your intelligence (+5).
   It affects your magic capacity (+10).
   It increases your willpower.
 V - a +2 kite shield of reflection (worn)
Jewellery
 a - an amulet of regeneration
 m - a ring of resist corrosion
 o - a ring of protection from fire
 s - a ring of willpower
 I - a +4 ring of slaying (right hand)
 U - a +4 ring of slaying (left hand)
 W - a ring of see invisible
 X - the ring of Wug Exic {rElec rN+ Str-4 Slay+3 Stlth+}
   (You found it in a treasure trove)

   [ring of positive energy]

   It affects your strength (-4).
   It affects your accuracy and damage with ranged weapons and melee attacks
   (+3).
   It insulates you from electricity.
   It protects you from negative energy.
   It makes you more stealthy.
 Y - a ring of protection from cold
 Z - an amulet of reflection (around neck)
Wands
 i - a wand of iceblast (59)
 w - a wand of polymorph (8)
 C - a wand of paralysis (14)
 H - a wand of flame (59)
 N - a wand of digging (4)
 O - a wand of acid (43)
Scrolls
 b - 5 scrolls of magic mapping
 c - 3 scrolls of fog
 d - 6 scrolls of identify
 e - 4 scrolls of fear
 j - a scroll of acquirement
 r - 4 scrolls of enchant armour
 u - a scroll of immolation
 D - 2 scrolls of blinking
 F - 2 scrolls of silence
 G - 4 scrolls of enchant weapon
 R - a scroll of holy word
Potions
 f - 3 potions of haste
 g - 5 potions of cancellation
 n - a potion of ambrosia
 t - a potion of berserk rage
 v - 4 potions of curing
 B - 2 potions of might
 E - 3 potions of resistance
 J - 2 potions of magic
 L - 2 potions of attraction
 P - a potion of heal wounds
 T - a potion of invisibility
Miscellaneous
 A - a condenser vane
 K - a phantom mirror


   Skills:
 + Level 16.1 Fighting
 - Level 18.0 Maces & Flails
 - Level 13.0 Throwing
 - Level 12.0 Armour
 - Level 2.0 Dodging
 - Level 5.4 Stealth
 - Level 15.5 Shields
 - Level 8.3 Invocations
 - Level 2.0 Evocations


You had 16 spell levels left.
You knew the following spells:

 Your Spells              Type           Power      Damage    Failure   Level
a - Blink                 Tloc           N/A        N/A       98%         2

Your spell library contained the following spells:

 Spells                   Type           Power      Damage    Failure   Level
 Animate Skeleton         Necr           0%         N/A       94%         1
 Apportation              Tloc           0%         N/A       94%         1
 Corona                   Hex            0%         N/A       94%         1
 Foxfire                  Conj/Fire      0%         2x1d4     94%         1
 Magic Dart               Conj           0%         1d3       94%         1
 Shock                    Conj/Air       0%         1d3       94%         1
 Sting                    Tmut/Pois      0%         1d3       94%         1
 Summon Small Mammal      Summ           0%         N/A       94%         1
 Call Imp                 Summ           0%         N/A       98%         2
 Ensorcelled Hibernation  Hex/Ice        0%         N/A       98%         2
 Poisonous Vapours        Pois/Air       0%         N/A       98%         2
 Searing Ray              Conj           0%         3d3       98%         2
 Slow                     Hex            0%         N/A       98%         2
 Static Discharge         Conj/Air       0%         N/A       98%         2
 Confusing Touch          Hex            0%         N/A       100%        3
 Conjure Flame            Conj/Fire      0%         6-21      100%        3
 Dazzling Flash           Conj/Hex       0%         N/A       100%        3
 Ignite Poison            Fire/Tmut/Pois 0%         N/A       100%        3
 Inner Flame              Hex/Fire       0%         N/A       100%        3
 Mephitic Cloud           Conj/Pois/Air  0%         N/A       100%        3
 Portal Projectile        Hex/Tloc       0%         N/A       100%        3
 Swiftness                Air            0%         N/A       100%        3
 Tukima's Dance           Hex            0%         N/A       100%        3
 Airstrike                Air            0%         N/A       100%        4
 Animate Armour           Summ/Erth      0%         N/A       100%        4
 Cause Fear               Hex            0%         N/A       100%        4
 Fulminant Prism          Conj/Hex       0%         3d6       100%        4
 Ice Form                 Ice/Tmut       0%         N/A       100%        4
 Iskenderun's Mystic Bla  Conj/Tloc      0%         2d3       100%        4
 Leda's Liquefaction      Hex/Erth       0%         N/A       100%        4
 Olgreb's Toxic Radiance  Pois           0%         N/A       100%        4
 Sticky Flame             Conj/Fire      0%         2d3       100%        4
 Summon Ice Beast         Ice/Summ       0%         N/A       100%        4
 Summon Lightning Spire   Summ/Air       0%         N/A       100%        4
 Bolt of Magma            Conj/Fire/Erth 0%         4d4       100%        5
 Fireball                 Conj/Fire      0%         3d3       100%        5
 Lightning Bolt           Conj/Air       0%         1d11      100%        5
 Silence                  Hex/Air        0%         N/A       100%        5
 Conjure Ball Lightning   Conj/Air       0%         3x3d6     100%        6
 Freezing Cloud           Conj/Ice/Air   0%         6-21      100%        6
 Iron Shot                Conj/Erth      0%         9d1       100%        6
 Simulacrum               Ice/Necr       0%         N/A       100%        6
 Ozocubu's Refrigeration  Ice            0%         4d5       100%        7
 Ignition                 Fire           0%         3d3       100%        8
 Shatter                  Erth           0%         3d5*      100%        9
 Tornado                  Air            0%         N/A       100%        9
 Statue Form              Tmut/Erth      Unusable   N/A       N/A         6

Dungeon Overview and Level Annotations

Branches:
Dungeon (15/15)            Temple (1/1) D:6            Lair (6/6) D:10
  Swamp (4/4) Lair:2       Spider (4/4) Lair:3        Slime (0/5) Lair:6
    Orc (2/2) D:11            Elf (0/3) Orc:2        Vaults (0/5) D:14
 Depths (0/5) D:15          Sewer (visited)         Gauntlet (visited)

Altars:
Ashenzari
Cheibriados
Dithmenos
Elyvilon
Fedhas
Gozag
Hepliaklqana
Kikubaaqudgha
Makhleb
Nemelex Xobeh
Okawaru
Qazlal
Ru
Sif Muna
Trog
Uskayaw
Vehumet
Wu Jian
Xom
Yredelemnul
Zin
The Shining One
Beogh

Shops:
D:8 :   D:14 =   Orc:2 :*[(*

Portals:
Hell: Lair:6

Annotations:
D:11 2 transporters, exclusion: oklob plant, Aggronaut's ghost, novice DsAK
D:14 2 transporters, Myfumirch's ghost, journeyman TrMo
Lair:1 exclusion: 2 oklob plants
Lair:2 2 runed translucent doors, Wuw Late's ghost, journeyman GrEE


Innate Abilities, Weirdness & Mutations

You are immune to sickness and miasma.
Your stone body is resilient. (AC +14)
You are immune to poison.
Your large and strong wings let you fly.
You resist negative energy. (rN+)
You are resistant to electric shocks. (rElec)
You are resistant to unholy torment.
You are immune to petrification.
You have a pair of small horns on your head.
You have sharp toenails.
Armour fits poorly on your strangely shaped body.
You are covered in fur. (AC +1)
You are occasionally teleported next to monsters.


Message History

The wolf spider hits you!
* * * LOW HITPOINT WARNING * * *
The wolf spider completely misses you.
You closely miss the tarantella.
The tarantella is moderately wounded.
The orb spider spins a strand of pure energy.
You block the tarantella's attack.
The wolf spider hits you but does no damage.
The wolf spider bites you.
* * * LOW HITPOINT WARNING * * *
You hit the tarantella.
Your weapon exudes an aura of protection.
You headbutt the tarantella!
The tarantella is almost dead.
You block the tarantella's attack. You block the wolf spider's attack.
The wolf spider bites you but does no damage.
You barely miss the tarantella. Your headbutt misses the tarantella.
The tarantella is almost dead.
You block the tarantella's attack.
The wolf spider hits you but does no damage.
The wolf spider bites you but does no damage.
You stick the tarantella like a pincushion!!!
You kill the tarantella!
Okawaru accepts your kill. You block the wolf spider's attack.
The wolf spider bites you but does no damage.
You bludgeon the wolf spider!! Your headbutt misses the wolf spider.
The wolf spider is moderately wounded.
You block the wolf spider's attack. x2
You bludgeon the wolf spider!! You headbutt the wolf spider!
The wolf spider is almost dead.
The orb spider weaves a glowing orb of energy.
You block the wolf spider's attack.
The wolf spider bites you but does no damage.
An orb of destruction comes into view.
You sock the wolf spider!
You kill the wolf spider!
Okawaru accepts your kill. The orb of destruction hits you!!!
You die...

#...†......^.#
##..##.†###.#..#
#^.####..##..###
#.....^##^#[(#
#.^.#.†...^####
###...##......#
...#....###..##
#.#.#.##^...##
.^ #.#..^.#@)†#
^ ..^.##.#☼)##
.. #.....○.#
###.#.#○....#
#^.#^s.##...s
#.#.##.... .. ..
.. ....)# .# .^
#^#.## .# #.#.#


You could see an orb spider.

Vanquished Creatures
  Mara (Swamp:4)
  Saint Roka (Orc:2)
  the Lernaean hydra (Swamp:4)
  Nikola (Lair:3)
  Arachne (Spider:3)
  A tentacled monstrosity (Swamp:3)
  Gastronok (D:11)
  6 thorn hunters
  Kirke (D:12)
  Donald (Swamp:1)
  A ghost moth (Spider:4)
  An emperor scorpion (Spider:1)
  An ironbound preserver (D:14)
  A ghoul (Swamp:3)
  7 bunyips
  Azrael (D:14)
  7 entropy weavers
  3 minotaurs
  A dire elephant (Lair:6)
  Josephine (Orc:2)
  4 eleionomae
  A fire dragon (D:15)
  A shambling mangrove (Swamp:3)
  8 boulder beetles
  2 centaur warriors
  2 ghost crabs
  A spriggan air mage (Swamp:3)
  27 hydras
  A death knight (D:13)
  3 two-headed ogres
  3 alligators
  A tengu warrior (D:15)
  7 death yaks
  2 orc high priests (Orc:2)
  12 spriggans
  Urug (Orc:2)
  A sun demon (Lair:6)
  6 spriggan druids
  2 death drakes (Swamp:3)
  7 goliath frogs
  2 wizards
  11 swamp dragons
  3 orc knights
  11 orb spiders
  6 bog bodies
  4 deep elf pyromancers
  6 orc sorcerers
  A necromancer (D:15)
  A manticore (D:14)
  A wolf spider zombie (D:15)
  10 cyclopes
  19 wolf spiders
  15 ugly things
  2 will-o-the-wisps
  9 elephants
  Joseph (D:9)
  Maurice (Orc:2)
  3 torpor snails
  14 cane toads
  An orange demon (Lair:6)
  A naga mage (D:15)
  A smoke demon (Lair:6)
  3 gargoyles
  6 black mambas
  2 centaur skeletons (D:15)
  9 rime drakes
  Maggie (D:8)
  2 kobold demonologists (D:12)
  9 yaktaurs (D:12)
  2 tengu conjurers (D:14)
  An ice devil (Lair:6)
  9 komodo dragons
  3 red devils (Lair:6)
  A queen bee (shapeshifter) (D:8)
  11 demonic crawlers
  A wind drake (D:7)
  4 trolls
  25 jumping spiders
  3 meliai (Spider:4)
  16 hornets
  17 blink frogs
  10 tyrant leeches
  8 slime creatures
  4 shadows (Gauntlet)
  25 tarantellas
  66 redbacks
  8 wraiths
  70 yaks
  2 fire elementals (D:14)
  A hog (D:12)
  3 basilisks
  3 wyverns
  27 vampire mosquitoes
  2 wargs (Orc:1)
  15 swamp worms
  An acid dragon (D:12)
  15 water moccasins
  10 hell hounds
  33 orc warriors
  3 black bears
  9 swamp drakes
  4 ogres (Orc:2)
  21 centaurs
  3 wolves (Lair:1)
  A phantom (D:7)
  3 small abominations (Gauntlet)
  6 kobold brigands
  8 bullfrogs
  A gnoll sergeant (D:5)
  A water moccasin zombie (D:6)
  5 killer bees
  17 wights
  A howler monkey (D:5)
  An electric eel (Lair:2)
  2 vampire bats (Lair:2)
  A bullfrog zombie (D:5)
  2 centaur zombies
  A jelly (Gauntlet)
  3 hounds
  30 orc priests
  Ijyb (D:4)
  Jessica (D:3)
  25 orc wizards
  2 hell rats
  A killer bee zombie (D:7)
  A hound skeleton (D:4)
  Robin (D:4)
  A howler monkey skeleton (D:5)
  30 gnolls
  9 adders
  2 river rats
  A white imp (D:7)
  2 ufetubi (D:2)
  2 worms (D:2)
  2 dart slugs
  73 orcs
  5 endoplasms
  5 giant cockroaches
  13 goblins
  10 hobgoblins
  7 jackals
  7 ball pythons
  9 bats
  A frilled lizard (D:1)
  25 kobolds
  9 rats
  4 briar patches
1054 creatures vanquished.

Vanquished Creatures (collateral kills)
  A swamp drake (Swamp:4)
1 creature vanquished.

Vanquished Creatures (others)
  A goliath frog (Swamp:4)
  3 bloated husks
  A hornet (Swamp:4)
  2 redbacks (Spider:1)
  3 spriggans
  2 humans (D:12)
  An orc wizard (D:4)
  6 briar patches (Swamp:3)
  6 foxfires (Swamp:1)
  25 fungi
  196 plants
  4 withered plants (Gauntlet)
250 creatures vanquished.

Grand Total: 1305 creatures vanquished

Notes
Turn   | Place    | Note
-------+----------+-------------------------------------------
     0 | D:5      | Froggeryz the Gargoyle Delver began the quest for the Orb.
     0 | D:5      | Reached XP level 1. HP: 14/14 MP: 1/1
    72 | D:5      | Reached XP level 2. HP: 18/19 MP: 2/2
    86 | D:5      | Reached skill level 3 in Maces & Flails
    86 | D:5      | Reached XP level 3. HP: 19/23 MP: 3/3
   279 | D:4      | Reached skill level 4 in Maces & Flails
   305 | D:4      | Reached XP level 4. HP: 28/28 MP: 4/4
   305 | D:4      | Noticed Ijyb
   370 | D:4      | Killed Ijyb
   423 | D:4      | Noticed Robin
   637 | D:4      | Killed Robin
   782 | D:4      | Reached skill level 5 in Maces & Flails
   782 | D:4      | Reached XP level 5. HP: 26/32 MP: 5/5
  1106 | D:1      | Found a faded altar of an unknown god.
  2011 | D:1      | Learned a level 2 spell: Blink
  2319 | D:2      | Reached XP level 6. HP: 16/37 MP: 6/6
  2736 | D:2      | Found a hide-covered altar of Uskayaw.
  2786 | D:2      | Reached skill level 6 in Maces & Flails
  2786 | D:2      | Reached skill level 1 in Armour
  2903 | D:3      | Found a blossoming altar of Fedhas.
  2933 | D:3      | Found a sacrificial altar of Ru.
  3496 | D:3      | Noticed Jessica
  3506 | D:3      | Killed Jessica
  3675 | D:4      | Reached XP level 7. HP: 11/41 MP: 7/7
  4645 | D:5      | Reached skill level 7 in Maces & Flails
  5752 | D:6      | Noticed a yak
  5754 | D:6      | Noticed a yak
  5754 | D:6      | Noticed a yak
  5754 | D:6      | Noticed a yak
  5776 | D:5      | Killed a yak
  5777 | D:5      | Reached skill level 8 in Maces & Flails
  5777 | D:5      | Reached XP level 8. HP: 33/46 MP: 8/8
  6085 | D:6      | Found a glowing drain.
  6095 | Sewer    | Entered a sewer
  6099 | Sewer    | Gained mutation: You have a pair of small horns on your
                  | head. [potion of mutation]
  6099 | Sewer    | Gained mutation: Your magical capacity is low. (-10% MP)
                  | [potion of mutation]
  6099 | Sewer    | Gained mutation: You tend to lose your temper in combat.
                  | [potion of mutation]
  6099 | Sewer    | Gained mutation: You have sharp toenails. [potion of
                  | mutation]
  6399 | Sewer    | Found a white marble altar of Elyvilon.
  6605 | D:6      | Found a staircase to the Ecumenical Temple.
  6619 | Temple   | Entered the Ecumenical Temple
  6765 | D:6      | Found a burning altar of Makhleb.
  6777 | D:6      | Found an iron altar of Okawaru.
  6781 | D:6      | Became a worshipper of Warmaster Okawaru
  6858 | D:6      | Reached skill level 5 in Armour
  6868 | D:5      | Killed a yak
  6869 | D:5      | Reached skill level 9 in Maces & Flails
  6954 | D:5      | Killed a yak
  6964 | D:6      | Killed a yak
  6964 | D:6      | Reached * piety under Okawaru
  6965 | D:6      | Reached XP level 9. HP: 29/51 MP: 8/8
  7127 | D:6      | Found a shimmering blue altar of Sif Muna.
  7490 | D:7      | Reached skill level 10 in Maces & Flails
  8886 | D:8      | Noticed a purple ugly thing
  8893 | D:8      | Noticed a boulder beetle
  8898 | D:8      | Noticed a cyclops
  8901 | D:8      | Killed a purple ugly thing
  8902 | D:8      | Reached skill level 5 in Fighting
  8909 | D:7      | Reached ** piety under Okawaru
  9068 | D:7      | Reached skill level 11 in Maces & Flails
  9314 | D:7      | Noticed a wind drake
  9314 | D:7      | a boulder beetle changed into a wind drake
  9330 | D:7      | Killed a wind drake
  9467 | D:8      | Killed a cyclops
  9468 | D:8      | Reached XP level 10. HP: 52/60 MP: 9/9
  9476 | D:8      | Noticed a cyclops
  9492 | D:8      | Killed a cyclops
  9493 | D:8      | Reached skill level 12 in Maces & Flails
  9498 | D:8      | Noticed a gargoyle
  9513 | D:8      | Killed a gargoyle
  9513 | D:8      | Reached *** piety under Okawaru
  9931 | D:8      | Found Dawaud's Book Shop.
 10178 | D:8      | Noticed Maggie
 10179 | D:8      | Found a glowing silver altar of Zin.
 10196 | D:8      | Killed Maggie
 10330 | D:8      | Noticed a six-headed hydra
 10340 | D:8      | Killed a six-headed hydra
 10340 | D:8      | Reached **** piety under Okawaru
 10341 | D:8      | Reached skill level 13 in Maces & Flails
 10640 | D:8      | Identified the +1 pearl dragon scales of the Shore {rC- rN+
                  | Dex+2 Stlth+}
 10651 | D:8      | Identified the +1 plate armour of Bitterness {rF+}
 10775 | D:8      | Reached XP level 11. HP: 63/67 MP: 9/9
 10788 | D:8      | Reached skill level 14 in Maces & Flails
 10984 | D:9      | Reached ***** piety under Okawaru
 11339 | D:9      | Noticed Joseph
 11371 | D:9      | Killed Joseph
 11963 | D:10     | Entered Level 10 of the Dungeon
 12066 | D:10     | Reached skill level 15 in Maces & Flails
 12129 | D:10     | Found a staircase to the Lair.
 12678 | D:10     | Found a portal to a secret trove of treasure.
 13255 | Lair:1   | Entered Level 1 of the Lair of Beasts
 13304 | Lair:1   | Received a gift from Okawaru
 13588 | Lair:1   | Reached skill level 16 in Maces & Flails
 13808 | Lair:1   | Noticed an oklob plant
 13808 | Lair:1   | Noticed an oklob plant
 13834 | Lair:1   | Received a gift from Okawaru
 13835 | Lair:1   | Reached XP level 12. HP: 41/72 MP: 10/10
 14355 | Lair:1   | Reached skill level 1 in Invocations
 15094 | Lair:2   | Noticed a seven-headed hydra
 15106 | Lair:2   | Killed a seven-headed hydra
 15388 | Lair:2   | Received a gift from Okawaru
 15391 | Lair:2   | Noticed a six-headed hydra
 15403 | Lair:2   | Killed a six-headed hydra
 15573 | Lair:2   | Found a staircase to the Swamp.
 15586 | Lair:2   | Reached skill level 5 in Invocations
 15819 | Lair:2   | Found a large runed translucent door.
 16043 | Lair:2   | Found a large runed translucent door.
 16045 | Lair:2   | Noticed Wuw Late's ghost (journeyman GrEE)
 16597 | Lair:3   | Found a hole to the Spider Nest.
 16611 | Lair:3   | Found a gate leading to a gauntlet.
 16620 | Gauntlet | Entered a Gauntlet
 16620 | Gauntlet | Found a transporter.
 16620 | Gauntlet | Found a runed translucent door.
 16620 | Gauntlet | Found a transporter.
 16621 | Gauntlet | Found a runed translucent door.
 16622 | Gauntlet | Found a transporter.
 16622 | Gauntlet | Found a transporter.
 16626 | Gauntlet | Found a transporter.
 16626 | Gauntlet | Found a transporter.
 16659 | Gauntlet | Found a transporter.
 16662 | Gauntlet | Found a transporter.
 16670 | Gauntlet | Found a transporter.
 16686 | Gauntlet | Found a transporter.
 16700 | Gauntlet | Found a transporter.
 16704 | Gauntlet | Found a transporter.
 16872 | Gauntlet | Reached skill level 10 in Fighting
 17025 | Gauntlet | Noticed a minotaur
 17047 | Gauntlet | Killed a minotaur
 17538 | Lair:3   | Identified a scroll of acquirement
 17538 | Lair:3   | Acquired the +0 pair of fencer's gloves {Riposte Dex+3}
 17539 | Lair:3   | Found the +0 pair of fencer's gloves {Riposte Dex+3}
 17580 | Lair:3   | Noticed an eight-headed hydra
 17585 | Lair:3   | Killed an eight-headed hydra
 17585 | Lair:3   | Reached ****** piety under Okawaru
 17586 | Lair:3   | Reached XP level 13. HP: 38/83 MP: 16/16
 17907 | Lair:3   | Identified the +4 quarterstaff of Okawaru's Inspiration
                  | {spect, *Noise +Rage rF++ rC+} (Okawaru gifted it to you on
                  | level 3 of the Lair of Beasts)
 17907 | Lair:3   | Received a gift from Okawaru
 17976 | Lair:3   | HP: 4/84 [jumping spider (6)]
 19731 | Lair:4   | Found the +3 hat of Pondering {ponderous, Will+ MP+10
                  | Int+5}
 20430 | Lair:5   | Received a gift from Okawaru
 20643 | Lair:5   | Reached skill level 10 in Armour
 21694 | Lair:6   | Entered Level 6 of the Lair of Beasts
 21734 | Lair:6   | Gained mutation: Your large and strong wings let you fly.
                  | [Gargoyle growth]
 21734 | Lair:6   | Reached XP level 14. HP: 39/90 MP: 18/18
 22085 | Lair:6   | Reached skill level 1 in Throwing
 22255 | Lair:6   | Noticed a dire elephant
 22622 | Lair:6   | Received a gift from Okawaru
 22722 | Lair:6   | Reached skill level 5 in Throwing
 23073 | Lair:6   | Killed a dire elephant
 23830 | Lair:6   | Found a burning altar of Makhleb.
 24229 | Lair:6   | Found a gateway to Hell.
 24375 | Lair:6   | Found a staircase to the Slime Pits.
 24806 | D:11     | Found a transporter.
 24977 | D:11     | Noticed Aggronaut's ghost (novice DsAK)
 24980 | D:11     | Found a transporter.
 25023 | D:11     | Noticed Gastronok
 25038 | D:11     | Killed Gastronok
 25341 | D:11     | Found a staircase to the Orcish Mines.
 26053 | Orc:1    | Entered Level 1 of the Orcish Mines
 26274 | Orc:1    | Received a gift from Okawaru
 27026 | Orc:2    | Entered Level 2 of the Orcish Mines
 27121 | Orc:2    | Lost mutation: Your magical capacity is low. (-10% MP)
                  | [potion of mutation]
 27121 | Orc:2    | Lost mutation: You tend to lose your temper in combat.
                  | [potion of mutation]
 27121 | Orc:2    | Gained mutation: You are occasionally teleported next to
                  | monsters. [potion of mutation]
 27121 | Orc:2    | Gained mutation: Armour fits poorly on your strangely
                  | shaped body. [potion of mutation]
 27121 | Orc:2    | Gained mutation: You are covered in fur. (AC +1) [potion of
                  | mutation]
 27145 | Orc:2    | Found Baisecw's Assorted Antiques.
 27400 | Orc:2    | Bought a potion of heal wounds for 160 gold pieces
 27456 | Orc:2    | Noticed Urug
 27459 | Orc:2    | Noticed Saint Roka
 27461 | Orc:2    | Reached skill level 10 in Throwing
 27461 | Orc:2    | Reached XP level 15. HP: 74/94 MP: 21/21
 27464 | Orc:2    | Killed Urug
 27472 | Orc:2    | Killed Saint Roka
 27472 | Orc:2    | Received a gift from Okawaru
 27925 | Orc:2    | Noticed Maurice
 27935 | Orc:2    | Killed Maurice
 28182 | Orc:2    | Found a staircase to the Elven Halls.
 28375 | Orc:2    | Noticed Josephine
 28387 | Orc:2    | Killed Josephine
 28553 | Orc:2    | Found Woevvoac's Book Boutique.
 28570 | Orc:2    | Found Pahanec's Antique Armour Boutique.
 28587 | Orc:2    | Found Odahon's Antique Weapon Boutique.
 28601 | Orc:2    | Found Kaisch's General Store.
 29276 | Orc:2    | Bought a scroll of blinking for 112 gold pieces
 29276 | Orc:2    | Bought a scroll of fear for 52 gold pieces
 29276 | Orc:2    | Bought a potion of curing for 45 gold pieces
 29579 | D:10     | You paid a toll of 4 scrolls of fear to enter a treasure
                  | trove
 29580 | Trove    | Entered a treasure trove
 29589 | Trove    | Identified the amulet of Fiosukk {RegenMP Str+4}
 29605 | Trove    | Identified the ring of Wug Exic {rElec rN+ Str-4 Slay+3
                  | Stlth+}
 30057 | D:12     | Noticed Kirke
 30087 | D:12     | Killed Kirke
 30087 | D:12     | Identified the +0 pair of boots of Indomitability {Stlth+}
                  | (Okawaru gifted it to you on level 12 of the Dungeon)
 30087 | D:12     | Received a gift from Okawaru
 32415 | D:12     | Identified the +3 helmet "Plog" {Int+6}
 34020 | D:14     | Found Xoliwn's Jewellery Shop.
 34028 | D:14     | Bought a +4 ring of slaying for 1248 gold pieces
 34089 | D:14     | Found a transporter.
 34091 | D:14     | Noticed a fire giant
 34091 | D:14     | Noticed Myfumirch's ghost (journeyman TrMo)
 34092 | D:14     | Noticed a tengu reaver
 34145 | D:14     | Found a transporter.
 34173 | D:14     | Noticed Azrael
 34202 | D:14     | Killed Azrael
 34211 | D:14     | Received a gift from Okawaru
 34481 | D:14     | Reached XP level 16. HP: 87/100 MP: 22/22
 34697 | D:14     | Reached skill level 17 in Maces & Flails
 35329 | D:14     | Found a gate to the Vaults.
 35788 | D:15     | Entered Level 15 of the Dungeon
 36931 | D:15     | Found a staircase to the Depths.
 37227 | Swamp:1  | Entered Level 1 of the Swamp
 37251 | Swamp:1  | Received a gift from Okawaru
 37372 | Swamp:1  | Reached skill level 18 in Maces & Flails
 37856 | Swamp:1  | Reached skill level 1 in Evocations
 37949 | Swamp:1  | Noticed Donald
 37980 | Swamp:1  | Killed Donald
 38266 | Swamp:1  | Reached skill level 1 in Shields
 38847 | Swamp:2  | Received a gift from Okawaru
 38867 | Swamp:2  | Noticed a thorn hunter
 39211 | Swamp:1  | Killed a thorn hunter
 39827 | Swamp:2  | Reached skill level 5 in Shields
 39850 | Swamp:2  | Reached XP level 17. HP: 89/108 MP: 23/23
 40861 | Swamp:3  | Noticed a tentacled monstrosity
 41457 | Swamp:3  | Received a gift from Okawaru
 41880 | Swamp:3  | Reached skill level 10 in Shields
 41891 | Swamp:3  | Received a gift from Okawaru
 42713 | Swamp:3  | Killed a tentacled monstrosity
 43693 | Swamp:4  | Entered Level 4 of the Swamp
 44300 | Swamp:4  | Noticed the 27-headed Lernaean hydra
 44303 | Swamp:4  | Killed the 27-headed Lernaean hydra
 44306 | Swamp:4  | Received a gift from Okawaru
 44324 | Swamp:4  | Reached XP level 18. HP: 77/114 MP: 24/24
 44408 | Swamp:4  | Noticed Mara
 44413 | Swamp:4  | Noticed Froggeryz's illusion
 44430 | Swamp:4  | Killed Mara
 44985 | Swamp:4  | Got a decaying rune of Zot
 45451 | Spider:1 | Entered Level 1 of the Spider Nest
 45487 | Spider:1 | Noticed Nikola
 45761 | Lair:3   | Killed Nikola
 45761 | Lair:3   | Received a gift from Okawaru
 45986 | Spider:1 | Reached skill level 15 in Shields
 49166 | Spider:3 | Noticed Arachne
 49312 | Spider:3 | Killed Arachne
 49523 | Spider:3 | Received a gift from Okawaru
 49685 | Spider:3 | Reached skill level 15 in Fighting
 50967 | Spider:4 | Entered Level 4 of the Spider Nest
 50973 | Spider:4 | Reached XP level 19. HP: 108/124 MP: 25/25
 51160 | Spider:4 | Blown up by an orb spider

Illustrated notes

Levels and vault maps discovered:
D:1:      roderic_crop_circles_arrival_large, layout_loops_ring,
          shapermc_ecumenical_altar_mp_ritualfount
D:2:      layout_basic, basic_altar, minmay_distorted
D:3:      layout_rooms, minitemple, uniq_jessica
D:4:      layout_layer_cave, kennysheep_generic_room_13, uniq_robin, uniq_ijyb
D:5:      layout_loops_ring, minmay_hedge_maze
D:6:      layout_basic, amethyst_overflow_temple_binary, led_sif_pool,
          minmay_temple_entry_butterflies, cheibrodos_sewer_entry_sluice
D:7:      layout_layer_cave
D:8:      minmay_cut_squares, layout_basic, lemuel_crystal_altar, serial_shops,
          shop, uniq_maggie
D:9:      layout_basic, uniq_joseph
D:10:     layout_stronghold, lair_entry_dummy, trove_entry_hex_spiral
D:11:     layout_basic, orc_0_dummy, nzn_ghost_randoct, serial_curves,
          eino_curves_02, eino_curves_01, kennysheep_generic_room_4,
          uniq_gastronok
D:12:     fort_yaktaur, layout_loops_ring, serial_aquarium,
          aquarium_bridge_island_small [aquarium_subvault_small_open,
          aquarium_subvault_bridge, aquarium_subvault_bridge,
          aquarium_subvault_bridge, aquarium_subvault_window],
          aquarium_bridge_square [aquarium_subvault_wall,
          aquarium_subvault_bridge, aquarium_subvault_bridge,
          aquarium_subvault_balcony], aquarium_window_1, aquarium_window_2,
          aquarium_view_2d, aquarium_view_2a, aquarium_balcony_1a,
          aquarium_pool_S, uniq_kirke
D:13:     layout_cave_pods, amcnicky_mini_pool_small
D:14:     layout_long_grid, skrybe_vaults_entry_preservation, fountainhead,
          gammafunk_ghost_arena, minmay_shop_enchanted_jewellery, uniq_azrael
D:15:     grunt_enter_depths_magical_seal, layout_cave_pools,
          ebering_dispersal_statue_hall
Temple:   nicolae_temple_x_marks_the_god
Lair:1:   layout_regular_city, minmay_lair_oklob_chamber, grunt_megastairs_3,
          infiniplex_staircase_pool_2
Lair:2:   layout_regular_city, minmay_swamp_entry_swarm,
          ebering_ghost_disaster_area, roderic_batcave, beast_lair_carwin_6
Lair:3:   layout_roguey, nicolae_spider_entry_tight_spaces,
          gauntlet_entry_generic, minmay_shattered_shrine
Lair:4:   layout_loops_ring
Lair:5:   layout_regular_city
Lair:6:   evil_forest, layout_misc_corridors, slime_dummy
Swamp:1:  layout_basic_swamp, serial_swamp_ruin, evilmike_swamp_ruin_house_1,
          evilmike_swamp_ruin_rubble_2, evilmike_swamp_ruin_house_5, uniq_donald
Swamp:2:  layout_basic_swamp, evilmike_swamp_ruin_wall
Swamp:3:  nzn_winding_woodlands_medium [nzn_winding_woodlands_5x5_perimeter,
          nzn_winding_woodlands_5x15_crooked, nzn_winding_woodlands_5x5_default,
          nzn_winding_woodlands_5x5_default, nzn_winding_woodlands_center_lodge,
          nzn_winding_woodlands_5x5_checkerboard,
          nzn_winding_woodlands_hourglass,
          nzn_winding_woodlands_5x15_river_crossing,
          nzn_winding_woodlands_5x5_cross], layout_falls_marsh,
          nicolae_swamp_very_dense_foliage
Swamp:4:  swamp_old_school, layout_basic_swamp, infiniplex_staircase_pool,
          uniq_mara
Spider:1: layout_spider_delve, uniq_nikola
Spider:2: layout_spider_delve, nicolae_spider_rock_and_or_roll
Spider:3: layout_chambers, uniq_arachne
Spider:4: spider_rune_water
Orc:1:    layout_caves
Orc:2:    grunt_orc_cross, layout_diamond_mine, serial_shops, shop,
          minmay_orc_temple_c, uniq_maurice, uniq_josephine

Skill      XL: |  1  2  3  4  5  6  7  8  9 10 11 12 13 14 15 16 17 18 19 |
---------------+----------------------------------------------------------+-----
Maces & Flails | 3 4 5 6 8 9 11 13 16 18 | 18.0
Armour         | 2 4 5 6 11 12 | 12.0
Fighting       | 6 7 10 11 13 15 16 | 16.1
Invocations    | 7 8 |  8.3
Throwing       | 10 13 | 13.0
Dodging        | 2 |  2.0
Evocations     | 2 |  2.0
Shields        | 5 13 15 | 15.5
Stealth        | |  5.4

Action                   |  1- 3 |  4- 6 |  7- 9 | 10-12 | 13-15 | 16-18 | 19-21 || total
-------------------------+-------+-------+-------+-------+-------+-------+-------++-------
Melee: Mace              |    33 |       |       |       |       |       |       ||    33
       Whip              |       |   374 |   360 |   534 |       |       |       ||  1268
       Kick              |       |       |    66 |   111 |       |       |       ||   177
       Headbutt          |       |       |    44 |   128 |   454 |   415 |    32 ||  1073
       Unarmed           |       |       |     1 |       |       |       |       ||     1
       Morningstar       |       |       |       |   205 |  1630 |  1465 |   106 ||  3406
       Punch             |       |       |       |     1 |       |       |       ||     1
Throw: Javelin           |       |     2 |       |       |       |       |       ||     2
Invok: Heroism           |       |       |     1 |     4 |     1 |     2 |       ||     8
       Finesse           |       |       |       |       |       |     1 |       ||     1
Evoke: Wand              |       |       |     5 |       |    11 |     1 |       ||    17
       Condenser vane    |       |       |       |       |     1 |     1 |       ||     2
       Phantom mirror    |       |       |       |       |       |     1 |       ||     1
  Use: Potion            |       |     1 |     6 |     5 |     3 |     4 |     4 ||    23
       Scroll            |       |       |     5 |     7 |     6 |    13 |     1 ||    32
 Stab: Sleeping          |     1 |    15 |     2 |       |       |       |       ||    18
       Paralysed         |       |       |       |       |     2 |       |       ||     2
       Confused          |       |       |       |       |       |     1 |       ||     1
Armor: Leather armour    |    22 |   126 |     6 |       |       |       |       ||   154
       Scale mail        |       |       |   120 |       |       |       |       ||   120
       Plate armour      |       |       |    72 |   403 |  1469 |  1043 |   100 ||  3087
Dodge: Dodged            |    17 |   146 |   163 |   147 |   536 |   385 |    32 ||  1426
Block: Other             |       |       |       |       |   105 |   125 |       ||   230
       Reflection        |       |       |       |       |     8 |     7 |       ||    15
       Buckler           |       |       |       |       |       |    81 |       ||    81
       Kite shield       |       |       |       |       |       |   765 |   139 ||   904
       Rpst.: Morningstar |       |       |       |       |   123 |    70 |     5 ||   198

Table legend: (Time is in decaauts)
 A = Elapsed time spent in this place.
 B = Non-inter-level travel time spent in this place.
 C = Inter-level travel time spent in this place.
 D = Time resting spent in this place.
 E = Time spent auto-exploring this place.
 F = Levels seen in this place.
 G = Mean time per level.
                   A        B        C        D        E       F      G
               +--------+--------+--------+--------+--------+-----+--------+
         Total |  51097 |  48982 |   2115 |  15596 |  25826 |  35 | 1459.9 |
       Dungeon |  21922 |  20719 |   1203 |   5766 |  11751 |  15 | 1461.5 |
        Temple |     58 |     51 |      7 |      0 |     50 |   1 |   58.0 |
          Lair |  12367 |  11856 |    511 |   4518 |   5822 |   6 | 2061.2 |
         Swamp |   8136 |   7937 |    199 |   2494 |   4487 |   4 | 2034.0 |
   Spider Nest |   4113 |   4033 |     80 |   1014 |   2089 |   4 | 1028.2 |
  Orcish Mines |   3329 |   3216 |    113 |   1149 |   1474 |   2 | 1664.5 |
         Trove |     63 |     63 |      0 |      0 |      2 |   1 |   63.0 |
         Sewer |    364 |    364 |      0 |    157 |    149 |   1 |  364.0 |
      Gauntlet |    740 |    740 |      0 |    497 |      0 |   1 |  740.0 |
               +--------+--------+--------+--------+--------+-----+--------+

Top non-repeatable levels by time:
 Swamp:3: 3212 daAuts
  Lair:3: 3169 daAuts
    D:12: 2745 daAuts
  Lair:6: 2579 daAuts
 Swamp:1: 2190 daAuts
   Orc:2: 2158 daAuts
     D:7: 2150 daAuts
  Lair:2: 2062 daAuts
    D:11: 1886 daAuts
     D:4: 1817 daAuts
    D:14: 1793 daAuts
Spider:3: 1743 daAuts
  Lair:1: 1721 daAuts
  Lair:5: 1612 daAuts
    D:10: 1593 daAuts
